 Dungeon Crawl Stone Soup version 0.28-a0-732-g75e6d9beac (webtiles) character file.

Game seed: 4462995597827435952

7 Crumbo the Firebug (level 1, 0/10 HPs)
             Began as a Deep Elf Fire Elementalist on Oct 29, 2021.
             Slain by an endoplasm (3 damage)
             ... on level 1 of the Dungeon.
             The game lasted 00:00:57 (315 turns).

Crumbo the Firebug (Deep Elf Fire Elementalist)      Turns: 315, Time: 00:00:58

Health: 0/10       AC:  2    Str:  5    XL:     1   Next: 91%
Magic:  5/6        EV: 12    Int: 19    God:
Gold:   11         SH:  0    Dex: 15    Spells: 5/6 levels left

rFire   . . .      SeeInvis .   (no weapon)
rCold   . . .      Faith    .   (no shield)
rNeg    . . .      Spirit   .   a - +0 robe
rPois   .          Reflect  .   (no helmet)
rElec   .          Harm     .   (no cloak)
rCorr   +          Rampage  .   (no gloves)
Will    .....                   (no boots)
Stlth   ++........              (no amulet)
HPRegen 0.03/turn               b - ring of resist corrosion
MPRegen 0.10/turn               (no ring)

@: no status effects
A: no striking features
a: no special abilities


You were on level 1 of the Dungeon.
You visited 1 branch of the dungeon, and saw 1 of its levels.

You collected 11 gold pieces.

Inventory:

Armour
 a - a +0 robe (worn)
Jewellery
 b - a ring of resist corrosion (left hand)
Potions
 c - a potion of lignification {unknown}


   Skills:
 + Level 2.6 Dodging
 + Level 2.5 Stealth
 + Level 3.1 Spellcasting
 * Level 1.3 Conjurations
 + Level 3.5 Fire Magic


You had 5 spell levels left.
You knew the following spells:

 Your Spells              Type           Power      Damage    Failure   Level
a - Foxfire               Conj/Fire      48%        2x1d6     5%          1

Your spell library contained the following spells:

 Spells                   Type           Power      Damage    Failure   Level
 Scorch                   Fire           32%        2d6       5%          2
 Conjure Flame            Conj/Fire      12%        6-21      17%         3
 Inner Flame              Hex/Fire       9%         N/A       22%         3
 Flame Wave               Conj/Fire      12%        3d4       50%         4


Dungeon Overview and Level Annotations

Branches:
Dungeon (1/15)

Altars:


Message History

You conjure some foxfire!
The foxfire hits the giant cockroach.
The giant cockroach is almost dead.
The foxfire hits the giant cockroach.
You kill the giant cockroach!
You see here a giant cockroach corpse.
Found a stone staircase leading down.
There is a stone staircase leading down here.
You open the door.
Found 8 stones.
There is an open door here.
You open the door.
There is an open door here.
Found a mace.
You see here a +0 mace.
An endoplasm comes into view.
Casting: Foxfire (safe; 5% risk of failure)
Confirm with . or Enter, or press ? or * to list all spells.
You conjure some foxfire!
The endoplasm quivers.
The foxfire hits the endoplasm.
The endoplasm is heavily wounded.
The foxfire hits the endoplasm.
The endoplasm is almost dead.
You hit the endoplasm but do no damage.
The endoplasm is almost dead.
The endoplasm closely misses you.
You completely miss the endoplasm.
The endoplasm is almost dead.
The endoplasm freezes you.
You are frozen.
You barely miss the endoplasm.
The endoplasm is almost dead.
The endoplasm freezes you.
You are frozen.
* * * LOW HITPOINT WARNING * * *
You hit the endoplasm but do no damage.
The endoplasm is almost dead.
The endoplasm hits you.
You die...

### ... #.# # #.#
###.##.## #...J@..#
#.#.##..# ..
#..######.#
#.#.##.........#+#
#.#.###.#######...##
#.......# ##.....##
###.##.##
##.......##
#.#...####.........#
#........+.........'


You could see an endoplasm.

Vanquished Creatures
  5 giant cockroaches (D:1)
  A frilled lizard (D:1)
6 creatures vanquished.

Vanquished Creatures (others)
  18 foxfires (D:1)
18 creatures vanquished.

Grand Total: 24 creatures vanquished

Notes
Turn   | Place    | Note
-------+----------+-------------------------------------------
     0 | D:1      | Crumbo the Deep Elf Fire Elementalist began the quest for
                  | the Orb.
     0 | D:1      | Reached XP level 1. HP: 10/10 MP: 6/6
   315 | D:1      | Slain by an endoplasm

Illustrated notes

Levels and vault maps discovered:
D:1:      ncdulo_halloftheorcs, layout_loops_corners,
          hangedman_decor_clover_reticule, minmay_worlds_worst_comb

Action                   || total
-------------------------++-------
Melee: Unarmed           ||     4
 Cast: Foxfire           ||    10
Armor: Robe              ||     1
Dodge: Dodged            ||     2

Table legend: (Time is in decaauts)
 A = Elapsed time spent in this place.
 B = Non-inter-level travel time spent in this place.
 C = Inter-level travel time spent in this place.
 D = Time resting spent in this place.
 E = Time spent auto-exploring this place.
 F = Levels seen in this place.
 G = Mean time per level.
                   A        B        C        D        E       F      G
               +--------+--------+--------+--------+--------+-----+--------+
         Total |    314 |    314 |      0 |      0 |    272 |   1 |  314.0 |
       Dungeon |    314 |    314 |      0 |      0 |    272 |   1 |  314.0 |
               +--------+--------+--------+--------+--------+-----+--------+

Top non-repeatable levels by time:
     D:1: 314 daAuts
